 Dungeon Crawl Stone Soup version 0.22.1-1-ga44c0e5 (webtiles) character file.

49 PeMo the Skirmisher (level 3, -8/34 HPs)
             Began as a Minotaur Fighter on Oct 16, 2018.
             Mangled by an orc warrior
             ... wielding a +0 halberd
              (16 damage)
             ... on level 3 of the Dungeon.
             The game lasted 00:05:03 (1108 turns).

PeMo the Skirmisher (Minotaur Fighter)              Turns: 1108, Time: 00:05:04

Health: -8/34      AC: 10    Str: 21    XL:     3   Next: 53%
Magic:  2/2        EV:  9    Int:  5    God:
Gold:   105        SH:  0    Dex:  9    Spells: 2/2 levels left

rFire    . . .     SeeInvis .   a - +0 long sword
rCold    . . .     Gourm    .   (no shield)
rNeg     . . .     Faith    .   b - +0 scale mail
rPois    .         Spirit   .   (helmet restricted)
rElec    .         Reflect  .   o - +0 cloak
rCorr    .         Harm     .   l - +0 pair of gloves
MR       .....                  p - +0 pair of boots
Stlth    ..........             (no amulet)
HPRegen  0.11/turn              (no ring)
MPRegen  0.08/turn              (no ring)

@: about to teleport
A: retaliatory headbutt, horns 2
a: no special abilities


You were on level 3 of the Dungeon.
You were hungry.

You visited 1 branch of the dungeon, and saw 3 of its levels.

You collected 105 gold pieces.

Inventory:

Hand Weapons
 a - a +0 long sword (weapon)
Armour
 b - a +0 scale mail (worn)
 c - a +0 shield
 l - a +0 pair of gloves (worn)
 o - a +0 cloak (worn)
 p - a +0 pair of boots (worn)
Jewellery
 k - an uncursed ring of protection from cold {unknown}
 m - an uncursed ring of magical power {unknown}
Scrolls
 e - 2 scrolls of teleportation
 g - a scroll of blinking {unknown}
 h - a scroll of random uselessness {unknown}
 j - 2 scrolls of amnesia {unknown}
 n - 2 scrolls of identify {unknown}
 r - a scroll of fog {unknown}
Potions
 d - a potion of might
 i - a potion of brilliance {unknown}
 q - a potion of haste {unknown}
Comestibles
 f - 7 rations


   Skills:
 + Level 4.3 Fighting
 * Level 4.2 Long Blades
 - Level 3.6 Armour
 - Level 3.6 Shields


You had 2 spell levels left.
You didn't know any spells.
Your spell library was empty.

Dungeon Overview and Level Annotations

Branches:
Dungeon (3/15)

Altars:
Cheibriados
Fedhas
Okawaru
Qazlal
Uskayaw
Vehumet
Xom


Innate Abilities, Weirdness & Mutations

You reflexively headbutt those who attack you in melee.
You have a pair of horns on your head.


Message History

The orc hits you but does no damage.
The orc warrior hits you from afar with a halberd!
The bat barely misses you.
You riposte.
You closely miss the bat. Your headbutt misses the bat.
The orc hits you but does no damage. The goblin hits you but does no damage.
You slash the orc!
You kill the orc!
The bat hits you but does no damage.
The orc throws a tomahawk.
The tomahawk hits you but does no damage.
The orc warrior hits you from afar with a halberd!
* * * LOW HITPOINT WARNING * * *
The orc barely misses you. The goblin closely misses you.
Sorry, you're not good enough to have a special ability.
As you read the scroll labeled YPSYGO ALOICIST, it crumbles to dust.
You feel strangely unstable.
It was a scroll of teleportation.
The orc throws a tomahawk.
The tomahawk hits you but does no damage.
The orc hits you but does no damage.
The orc warrior hits you from afar with a halberd!
You die...

#.......#......
#..>...........
#.........?....
#g.....#...o...
#g.....#....o..
#.wgg.....$...#
#ogol...>..?..#
#ggo..........#
#@.b...........
#####.... ....
... ..


You could see an orc warrior, a dart slug, 2 orcs, a hobgoblin, 6 goblins, a bat
and a frilled lizard.

Vanquished Creatures
  An adder (D:2)
  A worm (D:2)
  2 orcs (D:3)
  5 bats
  A giant cockroach (D:1)
  7 hobgoblins
  3 kobolds
  A quokka (D:2)
  A ball python (D:1)
  A frilled lizard (D:1)
  8 goblins
  3 rats
34 creatures vanquished.

Notes
Turn   | Place    | Note
-------+----------+-------------------------------------------
     0 | D:1      | PeMo the Minotaur Fighter began the quest for the Orb.
     0 | D:1      | Reached XP level 1. HP: 19/19 MP: 0/0
   134 | D:1      | Reached XP level 2. HP: 21/27 MP: 1/1
   607 | D:2      | Reached XP level 3. HP: 31/33 MP: 2/2
   658 | D:2      | Found a radiant altar of Vehumet.
   992 | D:2      | Found a blossoming altar of Fedhas.
   994 | D:2      | Found an iron altar of Okawaru.
   994 | D:2      | Found a stormy altar of Qazlal.
   994 | D:2      | Found a shimmering altar of Xom.
   995 | D:2      | Found a hide-covered altar of Uskayaw.
   998 | D:2      | Found a snail-covered altar of Cheibriados.
  1089 | D:3      | Noticed an orc warrior
  1108 | D:3      | Mangled by an orc warrior

Skill      XL: |  1  2  3 |
---------------+----------+-----
Long Blades    | 3 4 |  4.2
Fighting       | 4 |  4.3
Armour         | |  3.6
Shields        | |  3.6

Action                   || total
-------------------------++-------
Melee: Long sword        ||    58
       Headbutt          ||     8
  Use: Scroll            ||     1
Armor: Scale mail        ||    43
Dodge: Dodged            ||    43
       Rpst.: Long sword ||     8
